BSA
ST CHARLES SHEENS @ VISTA PANTHERS
09/28/2027
 
TOP OF THE 1ST
St Charles Sheens batting - Pitching for Vista Panthers : LHP Andrew Caine
Pitching: LHP Andrew Caine
Batting: RHB Jesús Hernández 0-0: Called Strike
0-1: Ball
1-1: Ball
2-1: Ball
3-1: Ground out 6-3 (Groundball, 6S)
Batting: LHB Gene Cooper 0-0: Ball
1-0: Fly out, F8 (Flyball, 8RXD)
Batting: RHB Max Rash 0-0: Foul Ball, location: 2F
0-1: Ball
1-1: Swinging Strike
1-2: Strikes out swinging
Top of the 1st over - 0 run(s), 0 hit(s), 0 error(s), 0 left on base; St Charles 0 - Vista 0
BOTTOM OF THE 1ST
Vista Panthers batting - Pitching for St Charles Sheens : RHP Gustavo Ramos
Pitching: RHP Gustavo Ramos
Batting: LHB Francisco Marino 0-0: Ball
1-0: Swinging Strike
1-1: Fly out, F8 (Flyball, 8RD)
Batting: LHB Donovan Bird 0-0: Ball
1-0: Ball
2-0: TRIPLE (Flyball, 8RXD)
Batting: LHB Brent Alonzo 0-0: Called Strike
0-1: Ground out 4-3 (Groundball, 4MS)
Donovan Bird scores
Batting: SHB Mark Wells 0-0: Ball
1-0: Ball
2-0: Foul Ball, location: 2F
2-1: Called Strike
2-2: Strikes out looking
Bottom of the 1st over - 1 run(s), 1 hit(s), 0 error(s), 0 left on base; St Charles 0 - Vista 1
TOP OF THE 2ND
St Charles Sheens batting - Pitching for Vista Panthers : LHP Andrew Caine
Batting: LHB Stan Bates 0-0: Called Strike
0-1: Ball
1-1: Foul Ball, location: 2F
1-2: Ball
2-2: Fly out, F8 (Flyball, 8RD)
Batting: RHB Dan Tyler 0-0: Ball
1-0: Ball
2-0: Foul Ball, location: 2F
2-1: Ground out 5-3 (Groundball, 56)
Batting: RHB Lorenzo González 0-0: Ball
1-0: Called Strike
1-1: Ball
2-1: Foul Ball, location: 2F
2-2: Fly out, F8 (Line Drive, 8LM)
Top of the 2nd over - 0 run(s), 0 hit(s), 0 error(s), 0 left on base; St Charles 0 - Vista 1
BOTTOM OF THE 2ND
Vista Panthers batting - Pitching for St Charles Sheens : RHP Gustavo Ramos
Batting: LHB Bob Cunningham 0-0: Ball
1-0: Called Strike
1-1: Ball
2-1: Foul Ball, location: 2F
2-2: Ball
3-2: Ground out 4-3 (Groundball, 4)
Batting: RHB Roberto Cruz 0-0: Called Strike
0-1: Ball
1-1: Ball
2-1: Ball
3-1: Base on Balls
Batting: RHB Phil Matthews 0-0: Foul Ball, location: 2F
0-1: Ball
1-1: Ball
2-1: Called Strike
2-2: Foul Ball, location: 2F
2-2: Ball
3-2: Foul Ball, location: 2F
3-2: 2-RUN HOME RUN (Line Drive, 8LXD), Distance : 435 ft
Batting: LHB Greg Schultz 0-0: Swinging Strike
0-1: Foul Ball, location: 2F
0-2: Ball
1-2: Foul Ball, location: 2F
1-2: SINGLE (Groundball, 34D)
Batting: RHB Justin Burgess 0-0: Called Strike
0-1: Grounds into double play, 5-4-3 (Groundball, 56)
Bottom of the 2nd over - 2 run(s), 2 hit(s), 0 error(s), 0 left on base; St Charles 0 - Vista 3
TOP OF THE 3RD
St Charles Sheens batting - Pitching for Vista Panthers : LHP Andrew Caine
Batting: LHB Tanyu Imai 0-0: SINGLE (Groundball, 34D)
Batting: RHB Bill Little 0-0: Ball
1-0: Fly out, F3 (Popup, 3S)
Batting: RHB Jesús Gonzáles 0-0: Ball
1-0: Ball
2-0: Ball
3-0: Called Strike
3-1: Base on Balls
Tanyu Imai to second
Batting: RHB Jesús Hernández 0-0: Foul Ball, location: 2F
0-1: Fly out, F1 (Line Drive, 13)
Batting: LHB Gene Cooper 0-0: Ball
1-0: SINGLE (Groundball, 4MD)
Tanyu Imai to third
Jesús Gonzáles to second
Runner from 3rd tries for Home, SAFE, no throw
Batting: RHB Max Rash 0-0: Ball
1-0: Called Strike
1-1: Ball
2-1: Called Strike
2-2: Fielders Choice at 2nd, 5-4 (Groundball, 56)
Top of the 3rd over - 1 run(s), 2 hit(s), 0 error(s), 1 left on base; St Charles 1 - Vista 3
BOTTOM OF THE 3RD
Vista Panthers batting - Pitching for St Charles Sheens : RHP Gustavo Ramos
Batting: LHB Francisco Marino 0-0: Called Strike
0-1: Ground out U3 (Groundball, 3)
Batting: LHB Donovan Bird 0-0: Ball
1-0: Foul Ball, location: 2F
1-1: Ball
2-1: Foul Ball, location: 2F
2-2: Fly out, F9 (Flyball, 89D)
Batting: LHB Brent Alonzo 0-0: Ball
1-0: SINGLE (Line Drive, 5)
Batting: SHB Mark Wells 0-0: Ball
1-0: Called Strike
1-1: Ball
2-1: Ball
3-1: Ground out 3-1 (Groundball, 23)
Bottom of the 3rd over - 0 run(s), 1 hit(s), 0 error(s), 1 left on base; St Charles 1 - Vista 3
TOP OF THE 4TH
St Charles Sheens batting - Pitching for Vista Panthers : LHP Andrew Caine
Batting: LHB Stan Bates 0-0: Called Strike
0-1: Foul Ball, location: 2F
0-2: Ball
1-2: Ball
2-2: Foul Ball, location: 2F
2-2: Ground out U3 (Groundball, 3)
Batting: RHB Dan Tyler 0-0: SINGLE (Flyball, 89S)
Batting: RHB Lorenzo González 0-0: Called Strike
0-1: Called Strike
0-2: Fly out, F9 (Flyball, 9S)
Batting: LHB Tanyu Imai 0-0: Ball
1-0: Ball
2-0: Called Strike
2-1: Swinging Strike
2-2: Foul Ball, location: 2F
2-2: Foul Ball, location: 2F
2-2: Ball
3-2: Ground out 4-3 (Groundball, 4)
Top of the 4th over - 0 run(s), 1 hit(s), 0 error(s), 1 left on base; St Charles 1 - Vista 3
BOTTOM OF THE 4TH
Vista Panthers batting - Pitching for St Charles Sheens : RHP Gustavo Ramos
Batting: LHB Bob Cunningham 0-0: Ball
1-0: Ball
2-0: Called Strike
2-1: Fly out, F7 (Line Drive, 7)
Batting: RHB Roberto Cruz 0-0: Ball
1-0: Called Strike
1-1: Ball
2-1: Fly out, F7 (Flyball, 78D)
Batting: RHB Phil Matthews 0-0: Swinging Strike
0-1: Ball
1-1: Foul Ball, location: 2F
1-2: Ball
2-2: Fly out, F9 (Flyball, 9S)
Bottom of the 4th over - 0 run(s), 0 hit(s), 0 error(s), 0 left on base; St Charles 1 - Vista 3
TOP OF THE 5TH
St Charles Sheens batting - Pitching for Vista Panthers : LHP Andrew Caine
Batting: RHB Bill Little 0-0: Called Strike
0-1: Ball
1-1: Ball
2-1: Foul Ball, location: 2F
2-2: Ground out 6-3 (Groundball, 56)
Batting: RHB Jesús Gonzáles 0-0: Foul Ball, location: 2F
0-1: Ground out 4-3 (Groundball, 4)
Batting: RHB Jesús Hernández 0-0: Called Strike
0-1: Swinging Strike
0-2: Ball
1-2: Ground out 6-3 (Groundball, 56)
Top of the 5th over - 0 run(s), 0 hit(s), 0 error(s), 0 left on base; St Charles 1 - Vista 3
BOTTOM OF THE 5TH
Vista Panthers batting - Pitching for St Charles Sheens : RHP Gustavo Ramos
Pitching: RHP Joe O'Sullivan
Batting: LHB Greg Schultz 0-0: Ground out 4-3 (Groundball, 4)
Batting: RHB Justin Burgess 0-0: Called Strike
0-1: Called Strike
0-2: Ball
1-2: Ball
2-2: Foul Ball, location: 2F
2-2: Foul Ball, location: 2F
2-2: Ball
3-2: Fly out, F5 (Popup, 56)
Batting: LHB Francisco Marino 0-0: Called Strike
0-1: Ground out 4-3 (Groundball, 34)
Bottom of the 5th over - 0 run(s), 0 hit(s), 0 error(s), 0 left on base; St Charles 1 - Vista 3
TOP OF THE 6TH
St Charles Sheens batting - Pitching for Vista Panthers : LHP Andrew Caine
Batting: LHB Gene Cooper 0-0: Called Strike
0-1: Ball
1-1: Swinging Strike
1-2: Ball
2-2: Foul Ball, location: 2F
2-2: SINGLE (Groundball, 34S) (infield hit)
Batting: RHB Max Rash 0-0: Foul Ball, location: 2F
0-1: Ball
1-1: Ball
2-1: Swinging Strike
2-2: Fly out, F8 (Flyball, 78D)
Batting: LHB Stan Bates 0-0: Called Strike
Gene Cooper steals 2nd base
0-1: Ground out 3-1 (Groundball, 34)
Gene Cooper to third
Batting: RHB Dan Tyler 0-0: Foul Ball, location: 2F
0-1: Ground out 1-3 (Groundball, 13)
Top of the 6th over - 0 run(s), 1 hit(s), 0 error(s), 1 left on base; St Charles 1 - Vista 3
BOTTOM OF THE 6TH
Vista Panthers batting - Pitching for St Charles Sheens : RHP Joe O'Sullivan
Batting: LHB Donovan Bird 0-0: SINGLE (Groundball, 34D)
Batting: LHB Brent Alonzo 0-0: Ball
1-0: Foul Ball, location: 2F
1-1: Ball
2-1: Foul Ball, location: 2F
2-2: DOUBLE (Flyball, 8LXD)
Donovan Bird to third
Batting: SHB Mark Wells 0-0: Intentional Walk
Batting: LHB Bob Cunningham 0-0: Ball
1-0: Foul Ball, location: 2F
1-1: Ball
2-1: Swinging Strike
2-2: Ball
3-2: Base on Balls
Donovan Bird scores
Brent Alonzo to third
Mark Wells to second
Batting: RHB Roberto Cruz 0-0: Called Strike
0-1: Foul Ball, location: 2F
0-2: Strikes out swinging
Batting: RHB Phil Matthews 0-0: SINGLE (Line Drive, 7S)
Brent Alonzo scores
Mark Wells to third
Bob Cunningham to second
Runner from 3rd tries for Home, SAFE, no throw
Pitching: LHP Ron Cummins
Batting: LHB Greg Schultz 0-0: Foul Ball, location: 2F
0-1: Ball
1-1: Ball
2-1: Called Strike
2-2: Strikes out swinging
Batting: RHB Justin Burgess 0-0: Called Strike
0-1: Ball
1-1: Swinging Strike
1-2: Ball
2-2: Strikes out looking
Bottom of the 6th over - 3 run(s), 3 hit(s), 0 error(s), 2 left on base; St Charles 1 - Vista 6
TOP OF THE 7TH
St Charles Sheens batting - Pitching for Vista Panthers : LHP Andrew Caine
Pitching: LHP Mario Tobías
Batting: RHB Lorenzo González 0-0: Ball
1-0: SOLO HOME RUN (Line Drive, 7D), Distance : 432 ft
Pitching: RHP Scotty Johnson
Batting: LHB Tanyu Imai 0-0: Ball
1-0: Ball
2-0: Swinging Strike
2-1: Called Strike
2-2: Ball
3-2: Foul Ball, location: 2F
3-2: Base on Balls
Batting: RHB Bill Little 0-0: Ball
1-0: Called Strike
1-1: Foul Ball, location: 2F
1-2: Foul Ball, location: 2F
1-2: Fly out, F8 (Flyball, 8RM)
Batting: RHB Jesús Gonzáles 0-0: Called Strike
Tanyu Imai steals 2nd base
0-1: Called Strike
0-2: Ball
1-2: Strikes out swinging
Batting: RHB Jesús Hernández 0-0: Ball
1-0: Foul Ball, location: 2F
1-1: Ball
2-1: Ball
3-1: Ground out 1-3 (Groundball, 13)
Top of the 7th over - 1 run(s), 1 hit(s), 0 error(s), 1 left on base; St Charles 2 - Vista 6
BOTTOM OF THE 7TH
Vista Panthers batting - Pitching for St Charles Sheens : LHP Ron Cummins
Batting: LHB Francisco Marino 0-0: Ground out 4-3 (Groundball, 4)
Batting: LHB Donovan Bird 0-0: Swinging Strike
0-1: Ball
1-1: Swinging Strike
1-2: Fly out, F9 (Flyball, 89S)
Batting: LHB Brent Alonzo 0-0: Ball
1-0: Fly out, F8 (Flyball, 8LM)
Bottom of the 7th over - 0 run(s), 0 hit(s), 0 error(s), 0 left on base; St Charles 2 - Vista 6
TOP OF THE 8TH
St Charles Sheens batting - Pitching for Vista Panthers : RHP Scotty Johnson
Batting: LHB Gene Cooper 0-0: Swinging Strike
0-1: Ball
1-1: Ball
2-1: Ball
3-1: Fly out, F4 (Line Drive, 4)
Batting: RHB Max Rash 0-0: Ball
1-0: Ball
2-0: Fly out, F7 (Flyball, 7S)
Batting: LHB Stan Bates 0-0: Ball
1-0: Called Strike
1-1: Ball
2-1: Foul Ball, location: 2F
2-2: Foul Ball, location: 2F
2-2: Foul Ball, location: 2F
2-2: Ball
3-2: Base on Balls
Batting: RHB Dan Tyler 0-0: Ball
1-0: Ground out 5-3 (Groundball, 5S)
Top of the 8th over - 0 run(s), 0 hit(s), 0 error(s), 1 left on base; St Charles 2 - Vista 6
BOTTOM OF THE 8TH
Vista Panthers batting - Pitching for St Charles Sheens : LHP Ron Cummins
Batting: SHB Mark Wells 0-0: Ball
1-0: Fly out, F8 (Flyball, 8RS)
Batting: LHB Bob Cunningham 0-0: Ball
1-0: SINGLE (Groundball, 4MD)
Batting: RHB Roberto Cruz 0-0: Ball
1-0: Ball
2-0: Foul Ball, location: 2F
2-1: Called Strike
2-2: Ball
3-2: Base on Balls
Bob Cunningham to second
Batting: RHB Phil Matthews 0-0: Called Strike
0-1: Ball
1-1: Ball
2-1: Fielders Choice at 2nd, 4-6 (Groundball, 34)
Bob Cunningham to third
Batting: LHB Greg Schultz 0-0: DOUBLE (Flyball, 7LM)
Bob Cunningham scores
Phil Matthews to third
Runner from 3rd tries for Home, throw and OUT!
Bottom of the 8th over - 1 run(s), 2 hit(s), 0 error(s), 1 left on base; St Charles 2 - Vista 7
TOP OF THE 9TH
St Charles Sheens batting - Pitching for Vista Panthers : RHP Scotty Johnson
Batting: RHB Lorenzo González 0-0: Ball
1-0: Foul Ball, location: 2F
1-1: SINGLE (Flyball, 78S)
Batting: LHB Tanyu Imai 0-0: Grounds into double play, 4-6-3 (Groundball, 4)
Batting: RHB Bill Little 0-0: Called Strike
0-1: Ground out 5-3 (Groundball, 56)
Top of the 9th over - 0 run(s), 1 hit(s), 0 error(s), 0 left on base; St Charles 2 - Vista 7
Thursday, March 30th, 2017 - OOTP Baseball 17.12 Build 75